MLB
DETROIT TIGERS @ KANSAS CITY ROYALS
03/26/2099
 
TOP OF THE 1ST
Detroit Tigers batting - Pitching for Kansas City Royals : RHP Craig Abling
Pitching: RHP Craig Abling
Batting: RHB Edgar Navarrete 0-0: Swinging Strike
0-1: Called Strike
0-2: Foul Ball, location: 3F
0-2: Ball
1-2: Foul Ball, location: 3F
1-2: Ground out 4-3 (Groundball, 4, EV 109.4 MPH)
Batting: SHB Mike Knighten 0-0: SINGLE (Flyball, 89S, EV 90.0 MPH)
Batting: LHB Jose Camacho 0-0: Called Strike
0-1: Ball
1-1: Foul Ball, location: 7LDF
1-2: Ground out 4-3 (Groundball, 4, EV 76.3 MPH)
Mike Knighten to second
Batting: LHB Denny Marshall 0-0: Called Strike
0-1: Ball
1-1: Swinging Strike
1-2: Fly out, F6 (Popup, P, EV 83.8 MPH)
Top of the 1st over - 0 runs, 1 hit, 0 errors, 1 left on base; Detroit 0 - Kansas City 0
BOTTOM OF THE 1ST
Kansas City Royals batting - Pitching for Detroit Tigers : RHP Diego Garzon
Pitching: RHP Diego Garzon
Batting: LHB Danny Bonilla 0-0: Ball
1-0: Ball
2-0: Called Strike
2-1: Ball
3-1: Called Strike
3-2: Foul Ball, location: 7LSF
3-2: Foul Ball, location: 2F
3-2: SINGLE (Line Drive, 6MD, EV 99.4 MPH)
Batting: LHB Jorge Castillo 0-0: Called Strike
0-1: Ball
Danny Bonilla steals 2nd base
1-1: Ground out 6-3 (Groundball, 6, EV 78.1 MPH)
Danny Bonilla to third
Batting: RHB Blake Linden 0-0: Ball
1-0: Foul Ball, location: 2F
1-1: Ball
2-1: Ball
3-1: Swinging Strike
3-2: Foul Ball, location: 3SF
3-2: Foul Ball, location: 9LMFF
3-2: Foul Ball, location: 25FF
3-2: Strikes out looking
Batting: RHB Jordan Baeza 0-0: Ball
1-0: Ground out 5-3 (Groundball, 5, EV 100.6 MPH)
Bottom of the 1st over - 0 runs, 1 hit, 0 errors, 1 left on base; Detroit 0 - Kansas City 0
TOP OF THE 2ND
Detroit Tigers batting - Pitching for Kansas City Royals : RHP Craig Abling
Batting: RHB Allan Alessi 0-0: Called Strike
0-1: Called Strike
0-2: Fly out, F8 (Flyball, 8RXD, EV 106.9 MPH)
Batting: RHB Donald Nohl 0-0: Ground out 5-3 (Groundball, 56, EV 100.6 MPH)
Batting: RHB Jon Robinson 0-0: Foul Ball, location: 2F
0-1: Called Strike
0-2: Foul Ball, location: 5F
0-2: Foul Ball, location: 2F
0-2: Ball
1-2: Strikes out swinging
Top of the 2nd over - 0 runs, 0 hits, 0 errors, 0 left on base; Detroit 0 - Kansas City 0
BOTTOM OF THE 2ND
Kansas City Royals batting - Pitching for Detroit Tigers : RHP Diego Garzon
Batting: LHB Tony Monterosa 0-0: Ball
1-0: Ball
2-0: Called Strike
2-1: Foul Ball, location: 9LSF
2-2: Ball
3-2: Ground out U3 (Groundball, 3, EV 86.9 MPH)
Batting: RHB Trent Poynter 0-0: Called Strike
0-1: Swinging Strike
0-2: Strikes out swinging
Batting: RHB Maurice Groen 0-0: Foul Ball, location: 2LF
0-1: Ball
1-1: Ball
2-1: Ball
3-1: Called Strike
3-2: Foul Ball, location: 3SF
3-2: Foul Ball, location: 2F
3-2: SINGLE (Groundball, 4M, EV 110.6 MPH) (infield hit)
Batting: RHB Bobby Sells 0-0: Ball
1-0: Called Strike
1-1: SINGLE (Groundball, 3D, EV 105.6 MPH)
Maurice Groen to second
Runner from 2nd tries for 3rd, SAFE, throw by RF made to third
Batting: LHB Bill Goss 0-0: Foul Ball, location: 5FF
0-1: Ground out 4-3 (Groundball, 4, EV 107.5 MPH)
Bottom of the 2nd over - 0 runs, 2 hits, 0 errors, 2 left on base; Detroit 0 - Kansas City 0
TOP OF THE 3RD
Detroit Tigers batting - Pitching for Kansas City Royals : RHP Craig Abling
Batting: LHB Jason Schneider 0-0: Called Strike
0-1: Ball
1-1: Ball
2-1: SOLO HOME RUN (Flyball, 9D, EV 99.4 MPH), Distance : 387 ft
Batting: RHB Ed Hochstetler 0-0: Swinging Strike
0-1: Ball
1-1: Called Strike
1-2: Foul Ball, location: 2F
1-2: Foul Ball, location: 2F
1-2: Ground out 5-3 (Groundball, 56, EV 83.1 MPH)
Batting: RHB Edgar Navarrete 0-0: Fly out, F7 (Flyball, 7, EV 80.6 MPH)
Batting: SHB Mike Knighten 0-0: Ball
1-0: Swinging Strike
1-1: Foul Ball, location: 2F
1-2: SINGLE (Groundball, 34, EV 101.9 MPH)
Batting: LHB Jose Camacho 0-0: Ball
1-0: Fly out, F7 (Flyball, 7, EV 94.4 MPH)
Top of the 3rd over - 1 run, 2 hits, 0 errors, 1 left on base; Detroit 1 - Kansas City 0
BOTTOM OF THE 3RD
Kansas City Royals batting - Pitching for Detroit Tigers : RHP Diego Garzon
Batting: LHB Danny Bonilla 0-0: Called Strike
0-1: Ball
1-1: Swinging Strike
1-2: Ball
2-2: Ball
3-2: Strikes out swinging
Batting: LHB Jorge Castillo 0-0: SINGLE (Line Drive, 6D, EV 110.0 MPH)
Batting: RHB Blake Linden 0-0: 2-RUN HOME RUN (Flyball, 9D, EV 96.9 MPH), Distance : 365 ft
Batting: RHB Jordan Baeza 0-0: Ground out 1-3 (Groundball, 13, EV 66.9 MPH)
Batting: LHB Tony Monterosa 0-0: Swinging Strike
0-1: Foul Ball, location: 5F
0-2: Ball
1-2: Foul Ball, location: 25F
1-2: Foul Ball, location: 3F
1-2: SINGLE (Line Drive, 3D, EV 94.4 MPH)
Batting: RHB Trent Poynter 0-0: Foul Ball, location: 23F
0-1: Ball
1-1: Foul Ball, location: 2F
1-2: Ball
2-2: Ball
3-2: Fly out, F8 (Line Drive, 8LD, EV 93.8 MPH)
Bottom of the 3rd over - 2 runs, 3 hits, 0 errors, 1 left on base; Detroit 1 - Kansas City 2
TOP OF THE 4TH
Detroit Tigers batting - Pitching for Kansas City Royals : RHP Craig Abling
Batting: LHB Denny Marshall 0-0: Foul Ball, location: 23F
0-1: Ball
1-1: Foul Ball, location: 3F
1-2: Foul Ball, location: 25FF
1-2: Ball
2-2: Ball
3-2: Base on Balls
Batting: RHB Allan Alessi 0-0: Ball
1-0: Ball
2-0: Ball
3-0: Called Strike
3-1: Fielders Choice at 2nd, 5-4 (Groundball, 5, EV 101.3 MPH)
Batting: RHB Donald Nohl 0-0: Called Strike
0-1: Ball
1-1: Grounds into double play, 6-4-3 (Groundball, 6, EV 88.8 MPH)
Top of the 4th over - 0 runs, 0 hits, 0 errors, 0 left on base; Detroit 1 - Kansas City 2
BOTTOM OF THE 4TH
Kansas City Royals batting - Pitching for Detroit Tigers : RHP Diego Garzon
Batting: RHB Maurice Groen 0-0: Ball
1-0: Ground out 1-3 (Groundball, 13S, EV 74.4 MPH)
Batting: RHB Bobby Sells 0-0: Swinging Strike
0-1: Ball
1-1: Ball
2-1: Swinging Strike
2-2: SINGLE (Groundball, 6MD, EV 110.0 MPH)
Batting: LHB Bill Goss 0-0: Called Strike
0-1: Grounds into double play, 6-4-3 (Groundball, 6, EV 85.6 MPH)
Bottom of the 4th over - 0 runs, 1 hit, 0 errors, 0 left on base; Detroit 1 - Kansas City 2
TOP OF THE 5TH
Detroit Tigers batting - Pitching for Kansas City Royals : RHP Craig Abling
Pitching: RHP Javon Bolton
Now in CF: Kyle Mellecker
Now in RF: Jayden Oden
Pinch Hitting: LHB Tim Wilson 0-0: Ball
1-0: Foul Ball, location: 3FF
1-1: Foul Ball, location: 2F
1-2: Strikes out swinging
Batting: LHB Jason Schneider 0-0: Ball
1-0: Swinging Strike
1-1: Ball
2-1: Ball
3-1: Base on Balls
Batting: RHB Ed Hochstetler 0-0: Called Strike
0-1: Ball
1-1: Ball
2-1: DOUBLE (Flyball, 8LXD, EV 101.3 MPH)
Jason Schneider to third
Runner from 3rd tries for Home, SAFE, throw by CF to trailing runner, OUT at third! 8-3-5
Batting: RHB Edgar Navarrete 0-0: Ball
1-0: Ball
2-0: Ball
3-0: Base on Balls
Pinch Hitting: LHB Philip Clark 0-0: Ball
1-0: DOUBLE (Line Drive, 89D, EV 109.4 MPH)
Edgar Navarrete to third
Batting: RHB Francisco Salto 0-0: Ball
1-0: Ball
2-0: Called Strike
2-1: Ball
3-1: Ground out 1-3 (Groundball, P, EV 65.6 MPH)
Top of the 5th over - 1 run, 2 hits, 0 errors, 2 left on base; Detroit 2 - Kansas City 2
BOTTOM OF THE 5TH
Kansas City Royals batting - Pitching for Detroit Tigers : RHP Diego Garzon
Pitching: RHP Justin Grogan
Now at 1B: Philip Clark
Now at 2B: Nick Penix
Now at 3B: Tim Wilson
Now at SS: Donald Nohl
Pinch Hitting: RHB Kevin Stark 0-0: Ball
1-0: Foul Ball, location: 3F
1-1: Fly out, F1 (Line Drive, P, EV 68.8 MPH)
Pinch Hitting: LHB Mike Andreas 0-0: Ball
1-0: Ball
2-0: Called Strike
2-1: Swinging Strike
2-2: Ball
3-2: Strikes out swinging
Batting: RHB Alex Rios 0-0: Ball
1-0: Foul Ball, location: 2F
1-1: Ball
2-1: Foul Ball, location: 9LSF
2-2: Foul Ball, location: 9LDF
2-2: Ball
3-2: Strikes out swinging
Bottom of the 5th over - 0 runs, 0 hits, 0 errors, 0 left on base; Detroit 2 - Kansas City 2
TOP OF THE 6TH
Detroit Tigers batting - Pitching for Kansas City Royals : RHP Javon Bolton
Now at C: Josh Harder
Now at 1B: Jordan Baeza
Now at 3B: Kevin Stark
Now in LF: Mike Andreas
Pinch Hitting: LHB Justin Kenworthy 0-0: Called Strike
0-1: Foul Ball, location: 9LMF
0-2: Strikes out swinging
Batting: LHB Nick Penix 0-0: Called Strike
0-1: Ball
1-1: SINGLE (Line Drive, 6MD, EV 107.5 MPH)
Batting: RHB Donald Nohl 0-0: Called Strike
0-1: Called Strike
0-2: Foul Ball, location: 2F
0-2: SINGLE (Line Drive, 9S, EV 105.6 MPH)
Nick Penix to second
Pinch Runner at 2nd Steve Selmon:
Batting: LHB Tim Wilson 0-0: SINGLE (Line Drive, 6MD, EV 71.3 MPH)
Steve Selmon to third
Donald Nohl to second
Pinch Hitting: RHB Jake Henson 0-0: Fly out, F9 (Line Drive, 4D, EV 62.5 MPH)
Runner from 3rd tags up, SCORES, throw by RF
Donald Nohl to third
Batting: RHB Ed Hochstetler 0-0: Called Strike
0-1: Called Strike
0-2: Ball
1-2: Foul Ball, location: 2F
1-2: Ball
2-2: Foul Ball, location: 3DF
2-2: Fly out, F8 (Flyball, 8RD, EV 79.4 MPH)
Top of the 6th over - 1 run, 3 hits, 0 errors, 2 left on base; Detroit 3 - Kansas City 2
BOTTOM OF THE 6TH
Kansas City Royals batting - Pitching for Detroit Tigers : RHP Justin Grogan
Pitching: LHP Kevin Swanson
Now at C: Ray Gold
Now at 2B: Carlos Fraire
Now in LF: Justin Kenworthy
Now in CF: Jake Henson
Pinch Hitting: SHB Bobby Noriega 0-0: Ball
1-0: Ball
2-0: Fly out, F8 (Flyball, 8RM, EV 94.4 MPH)
Batting: RHB Jayden Oden 0-0: Swinging Strike
0-1: Called Strike
0-2: Ball
1-2: Ground out 6-3 (Groundball, 56, EV 105.6 MPH)
Pinch Hitting: RHB Jacob Huckaby 0-0: SINGLE (Line Drive, 4MD, EV 100.6 MPH)
Pinch Hitting: RHB Sam Gilpin 0-0: Swinging Strike
0-1: Swinging Strike
0-2: Strikes out looking
Bottom of the 6th over - 0 runs, 1 hit, 0 errors, 1 left on base; Detroit 3 - Kansas City 2
TOP OF THE 7TH
Detroit Tigers batting - Pitching for Kansas City Royals : RHP Javon Bolton
Pitching: LHP B.J. Edwards
Now at 1B: Mike Andreas
Now at 2B: Jacob Huckaby
Now at SS: Sam Gilpin
Now in LF: Matt McElhose
Pinch Hitting: RHB Joe Burgoon 0-0: Ball
1-0: Called Strike
1-1: Foul Ball, location: 9LSF
1-2: Ball
2-2: Ball
3-2: Ground out 6-3 (Groundball, 6M, EV 103.8 MPH)
Batting: LHB Philip Clark 0-0: Ball
1-0: Fly out, F6 (Line Drive, 6, EV 70.6 MPH)
Batting: RHB Francisco Salto 0-0: Ball
1-0: Ball
2-0: Called Strike
2-1: Foul Ball, location: 5SF
2-2: Strikes out swinging, 2-3 out at first.
Top of the 7th over - 0 runs, 0 hits, 0 errors, 0 left on base; Detroit 3 - Kansas City 2
BOTTOM OF THE 7TH
Kansas City Royals batting - Pitching for Detroit Tigers : LHP Kevin Swanson
Pitching: LHP Victor Casas
Now in LF: Joe Burgoon
Now in RF: Justin Kenworthy
Batting: RHB Kyle Mellecker 0-0: Swinging Strike
0-1: Fly out, F3 (Popup, 3L, EV 70.6 MPH)
Batting: SHB Josh Harder 0-0: Ball
1-0: Called Strike
1-1: Ground out 6-3 (Groundball, 6, EV 85.6 MPH)
Batting: RHB Kevin Stark 0-0: Ball
1-0: Ball
2-0: Called Strike
2-1: Called Strike
2-2: Strikes out swinging
Bottom of the 7th over - 0 runs, 0 hits, 0 errors, 0 left on base; Detroit 3 - Kansas City 2
TOP OF THE 8TH
Detroit Tigers batting - Pitching for Kansas City Royals : LHP B.J. Edwards
Batting: LHB Justin Kenworthy 0-0: Swinging Strike
0-1: Swinging Strike
0-2: Foul Ball, location: 2F
0-2: Foul Ball, location: 2F
0-2: Ball
1-2: Fly out, F8 (Flyball, 89M, EV 83.1 MPH)
Batting: RHB Ray Gold 0-0: Foul Ball, location: 7LSF
0-1: Called Strike
0-2: Foul Ball, location: 5DF
0-2: Foul Ball, location: 2F
0-2: Ball
1-2: Foul Ball, location: 9LDF
1-2: Strikes out swinging
Batting: RHB Donald Nohl 0-0: Ball
1-0: Called Strike
1-1: Swinging Strike
1-2: Ball
2-2: Strikes out swinging
Top of the 8th over - 0 runs, 0 hits, 0 errors, 0 left on base; Detroit 3 - Kansas City 2
BOTTOM OF THE 8TH
Kansas City Royals batting - Pitching for Detroit Tigers : LHP Victor Casas
Pitching: LHP Malcolm Shelvin
Batting: LHB Mike Andreas 0-0: Ball
1-0: Hit by Pitch
Batting: RHB Alex Rios 0-0: Ball
1-0: Ball
2-0: Fly out, F8 (Flyball, 89D, EV 91.3 MPH)
Batting: RHB Matt McElhose 0-0: Ball
1-0: Called Strike
1-1: Foul Ball, location: 2F
1-2: Ball
2-2: Fly out, F6 (Line Drive, 6, EV 63.8 MPH)
Pitching: RHP Jeremy Coffen
Batting: RHB Jayden Oden 0-0: Ground out 4-3 (Groundball, 4, EV 88.8 MPH)
Bottom of the 8th over - 0 runs, 0 hits, 0 errors, 1 left on base; Detroit 3 - Kansas City 2
TOP OF THE 9TH
Detroit Tigers batting - Pitching for Kansas City Royals : LHP B.J. Edwards
Pitching: RHP George Dunham
Batting: LHB Tim Wilson 0-0: Called Strike
0-1: SINGLE (Line Drive, 78S, EV 100.6 MPH)
Batting: RHB Jake Henson 0-0: Called Strike
0-1: Ball
1-1: Ball
2-1: Ground out 4-3 (Groundball, 34, EV 102.5 MPH)
Tim Wilson to second
Batting: RHB Carlos Fraire 0-0: Called Strike
0-1: Swinging Strike
0-2: Foul Ball, location: 7LSF
0-2: Ball
Wild Pitch!
Tim Wilson to third
1-2: Foul Ball, location: 7LDF
1-2: Ball
2-2: Ball
3-2: Strikes out swinging
Batting: RHB Joe Burgoon 0-0: Ground out 1-3 (Groundball, 34S, EV 69.4 MPH)
Top of the 9th over - 0 runs, 1 hit, 0 errors, 1 left on base; Detroit 3 - Kansas City 2
BOTTOM OF THE 9TH
Kansas City Royals batting - Pitching for Detroit Tigers : RHP Jeremy Coffen
Pitching: RHP Rodrigo Mendoza
Pinch Hitting: RHB Travis Bernsen 0-0: Foul Ball, location: 9LDF
0-1: Called Strike
0-2: Ball
1-2: Ball
2-2: Ball
3-2: Ground out 6-3 (Groundball, 6, EV 88.1 MPH)
Batting: RHB Sam Gilpin 0-0: Ball
1-0: Ball
2-0: Ball
3-0: Called Strike
3-1: Ground out 6-3 (Groundball, 56, EV 103.1 MPH)
Batting: RHB Kyle Mellecker 0-0: Foul Ball, location: 5DF
0-1: Foul Ball, location: 9LSF
0-2: Strikes out swinging
Bottom of the 9th over - 0 runs, 0 hits, 0 errors, 0 left on base; Detroit 3 - Kansas City 2
Wednesday, May 1st , 2024 - OOTP Baseball 24.11 Build 85